[ AOE2 MATCH · #484247514 ]
Team RMTeutons vs Bohemians
[ REPLAY ANALYSIS · EXTRACTED FROM THE RECORDED GAME ]
Feudal
12:58
Castle
17:39
Imperial
31:53
| APM avg | 24.0 |
| APM peak | 69 |
| eAPM avg | 19.0 |
| Villagers / military | 296 / 117 |
Focus
⚔️ 20.8% · 🌾 79.2%
Knight ×81 · Scout Cavalry ×29 · Teutonic Knight ×5 · Trebuchet (Packed) ×2
Feudal
10:32
Castle
14:27
Imperial
30:22
| APM avg | 31.8 |
| APM peak | 68 |
| eAPM avg | 20.1 |
| Villagers / military | 174 / 679 |
Focus
⚔️ 42.9% · 🌾 57.1%
Spearman ×536 · Coustillier ×117 · Battering Ram ×17 · Trebuchet (Packed) ×8 · Monk ×1
Feudal
13:10
Castle
16:55
Imperial
33:53
| APM avg | 18.2 |
| APM peak | 88 |
| eAPM avg | 10.3 |
| Villagers / military | 115 / 88 |
Focus
⚔️ 15.3% · 🌾 84.7%
Mangudai ×84 · Monk ×4
Feudal
12:43
Castle
17:38
Imperial
—
| APM avg | 22.3 |
| APM peak | 66 |
| eAPM avg | 14.9 |
| Villagers / military | 189 / 113 |
Focus
⚔️ 34.8% · 🌾 65.2%
Mameluke ×74 · Spearman ×22 · Mangonel ×9 · Camel Scout ×8
Feudal
10:44
Castle
14:08
Imperial
30:30
| APM avg | 21.1 |
| APM peak | 59 |
| eAPM avg | 15.5 |
| Villagers / military | 107 / 181 |
Focus
⚔️ 43.7% · 🌾 56.3%
War Elephant ×88 · Archer ×58 · Scout Cavalry ×22 · Trade Cart ×10 · Trebuchet (Packed) ×8 · Petard ×4
Feudal
14:52
Castle
18:39
Imperial
36:41
| APM avg | 23.8 |
| APM peak | 75 |
| eAPM avg | 15.8 |
| Villagers / military | 239 / 45 |
Focus
⚔️ 17.5% · 🌾 82.5%
Scorpion ×44 · Monk ×1
Feudal
11:31
Castle
15:33
Imperial
29:00
| APM avg | 21.9 |
| APM peak | 44 |
| eAPM avg | 16.5 |
| Villagers / military | 140 / 413 |
Focus
⚔️ 36.2% · 🌾 63.8%
Spearman ×285 · Skirmisher ×55 · Hussite Wagon ×48 · Bombard Cannon ×18 · Trade Cart ×11 · Monk ×7
Feudal
9:38
Castle
19:58
Imperial
31:43
| APM avg | 39.1 |
| APM peak | 86 |
| eAPM avg | 24.5 |
| Villagers / military | 160 / 542 |
Focus
⚔️ 36.4% · 🌾 63.6%
Knight ×217 · Scout Cavalry ×120 · Steppe Lancer ×86 · Skirmisher ×74 · Archer ×39 · Trade Cart ×35
Match map
Initial resources + every placement click. Lines = walls · curves = elevation contours. ◆ gold · ⬟ stone · ● berries · ✦ relic · ◌ wall gap
Your base· Open — opponent sealed themselves in
Dedpool_Aoe's base· ✓ Closed at 14:27 · 9t walls · no gate
TheHatefulN8's base· Open — opponent sealed themselves in
VenenoMcc's base· ✓ Closed at 17:38 · 34t walls · no gate
L.A.'s base· Open — opponent sealed themselves in
dimura33's base· ✓ Closed at 18:39 · 81t walls · no gate
Marcos__2025's base· ✓ Closed at 15:33 · 21t walls · no gate
iZanor's base· Open — opponent sealed themselves in
Smoothed initial terrain · ◌ = detected wall gap · hover for details
Inputs per minute
— Lemerfew - - Dedpool_Aoe
Build order — Lemerfew
First 150 of 650 actions detected
| 0:02 | Create | Villager (Male) |
| 0:02 | Create | Villager (Male) |
| 0:02 | Create | Villager (Male) |
| 0:03 | Create | Villager (Male) |
| 0:03 | Create | Villager (Male) |
| 0:10 | Build | House |
| 0:23 | Research | Loom |
| 0:31 | Create | Villager (Male) |
| 0:32 | Create | Villager (Male) |
| 0:32 | Create | Villager (Male) |
| 0:42 | Build | Palisade Wall |
| 1:57 | Build | Lumber Camp |
| 2:01 | Build | House |
| 2:11 | Create | Villager (Male) |
| 2:43 | Build | House |
| 2:47 | Create | Villager (Male) |
| 2:48 | Create | Villager (Male) |
| 3:17 | Create | Villager (Male) |
| 3:17 | Create | Villager (Male) |
| 3:42 | Create | Villager (Male) |
| 4:04 | Create | Villager (Male) |
| 4:24 | Build | House |
| 4:33 | Create | Villager (Male) |
| 4:33 | Create | Villager (Male) |
| 4:55 | Create | Villager (Male) |
| 4:55 | Create | Villager (Male) |
| 5:26 | Create | Villager (Male) |
| 5:26 | Create | Villager (Male) |
| 5:33 | Build | Mill |
| 5:59 | Create | Villager (Male) |
| 7:03 | Create | Villager (Male) |
| 7:03 | Create | Villager (Male) |
| 7:03 | Create | Villager (Male) |
| 7:58 | Create | Villager (Male) |
| 8:43 | Create | Villager (Male) |
| 8:43 | Create | Villager (Male) |
| 8:43 | Create | Villager (Male) |
| 8:43 | Create | Villager (Male) |
| 9:10 | Build | House |
| 9:43 | Create | Villager (Male) |
| 9:43 | Create | Villager (Male) |
| 9:43 | Create | Villager (Male) |
| 10:29 | Research | Feudal Age |
| 10:36 | Build | Lumber Camp |
| 11:31 | Build | House |
| 12:32 | Build | Mining Camp |
| 12:41 | Build | Mining Camp |
| 12:47 | Create | Villager (Male) |
| 12:47 | Create | Villager (Male) |
| 12:47 | Create | Villager (Male) |
| 12:58 | Age | Feudal Age |
| 13:03 | Build | Market |
| 13:14 | Build | Blacksmith |
| 13:40 | Build | Market |
| 13:43 | Create | Villager (Male) |
| 14:25 | Create | Villager (Male) |
| 14:45 | Build | Mining Camp |
| 14:53 | Build | Lumber Camp |
| 14:59 | Research | Castle Age |
| 15:23 | Build | House |
| 16:10 | Research | Double-Bit Axe |
| 16:14 | Research | Horse Collar |
| 16:34 | Build | Farm |
| 16:36 | Build | Farm |
| 16:38 | Build | Farm |
| 16:38 | Build | Farm |
| 16:41 | Build | Farm |
| 16:43 | Build | Farm |
| 16:45 | Build | Farm |
| 17:19 | Build | House |
| 17:27 | Build | House |
| 17:34 | Build | Lumber Camp |
| 17:39 | Age | Castle Age |
| 17:45 | Build | Town Center |
| 17:47 | Create | Villager (Male) |
| 17:48 | Create | Villager (Male) |
| 18:01 | Build | Town Center |
| 18:26 | Create | Villager (Male) |
| 18:27 | Create | Villager (Male) |
| 18:39 | Create | Villager (Male) |
| 18:40 | Create | Villager (Male) |
| 18:43 | Build | Farm |
| 18:44 | Build | Farm |
| 18:44 | Build | Farm |
| 18:45 | Build | Farm |
| 18:45 | Build | Farm |
| 18:49 | Build | Farm |
| 19:03 | Create | Villager (Male) |
| 19:06 | Create | Villager (Male) |
| 19:15 | Create | Villager (Male) |
| 19:15 | Create | Villager (Male) |
| 19:19 | Build | Farm |
| 19:20 | Build | Farm |
| 19:20 | Build | Farm |
| 19:21 | Build | Farm |
| 19:22 | Build | Farm |
| 19:31 | Create | Villager (Male) |
| 19:31 | Create | Villager (Male) |
| 19:45 | Build | Gate |
| 19:49 | Build | Stone Wall |
| 19:50 | Create | Villager (Male) |
| 19:50 | Create | Villager (Male) |
| 20:03 | Create | Villager (Male) |
| 20:03 | Create | Villager (Male) |
| 20:31 | Create | Villager (Male) |
| 20:31 | Create | Villager (Male) |
| 20:43 | Research | Bow Saw |
| 21:03 | Create | Villager (Male) |
| 21:03 | Create | Villager (Male) |
| 21:12 | Create | Villager (Male) |
| 21:17 | Create | Villager (Male) |
| 21:20 | Build | Town Center |
| 21:31 | Create | Villager (Male) |
| 21:43 | Build | Farm |
| 21:43 | Build | Farm |
| 21:44 | Build | Farm |
| 21:44 | Build | Farm |
| 21:45 | Build | Farm |
| 21:46 | Build | Farm |
| 21:47 | Build | Farm |
| 21:48 | Build | Farm |
| 21:49 | Create | Villager (Male) |
| 21:50 | Create | Villager (Male) |
| 21:50 | Create | Villager (Male) |
| 22:18 | Create | Villager (Male) |
| 22:18 | Create | Villager (Male) |
| 22:26 | Build | University |
| 22:30 | Build | Monastery |
| 22:33 | Create | Villager (Male) |
| 22:33 | Create | Villager (Male) |
| 22:34 | Create | Villager (Male) |
| 22:34 | Create | Villager (Male) |
| 22:35 | Create | Villager (Male) |
| 22:42 | Build | House |
| 22:43 | Build | House |
| 22:46 | Build | House |
| 22:47 | Build | House |
| 22:52 | Build | House |
| 22:56 | Create | Villager (Male) |
| 22:56 | Create | Villager (Male) |
| 22:57 | Create | Villager (Male) |
| 23:09 | Build | Farm |
| 23:11 | Build | Farm |
| 23:11 | Create | Villager (Male) |
| 23:12 | Create | Villager (Male) |
| 23:12 | Create | Villager (Male) |
| 23:13 | Create | Villager (Male) |
| 23:13 | Create | Villager (Male) |
| 23:13 | Create | Villager (Male) |
| 23:27 | Create | Villager (Male) |
Build order — Dedpool_Aoe
First 150 of 620 actions detected
| 0:02 | Create | Villager (Male) |
| 0:02 | Create | Villager (Male) |
| 0:02 | Create | Villager (Male) |
| 0:03 | Build | House |
| 0:05 | Build | House |
| 0:13 | Create | Villager (Male) |
| 0:13 | Create | Villager (Male) |
| 1:23 | Build | Palisade Wall |
| 1:39 | Create | Villager (Male) |
| 1:47 | Build | Palisade Wall |
| 2:02 | Create | Villager (Male) |
| 2:22 | Create | Villager (Male) |
| 2:52 | Create | Villager (Male) |
| 3:05 | Create | Villager (Male) |
| 3:06 | Create | Villager (Male) |
| 3:31 | Build | Lumber Camp |
| 3:39 | Create | Villager (Male) |
| 3:39 | Create | Villager (Male) |
| 4:00 | Build | House |
| 4:04 | Create | Villager (Male) |
| 4:05 | Create | Villager (Male) |
| 4:05 | Create | Villager (Male) |
| 4:29 | Create | Villager (Male) |
| 4:30 | Create | Villager (Male) |
| 5:14 | Research | Double-Bit Axe |
| 5:18 | Create | Villager (Male) |
| 5:44 | Create | Villager (Male) |
| 5:57 | Build | Mill |
| 6:09 | Build | House |
| 6:12 | Create | Villager (Male) |
| 6:35 | Create | Villager (Male) |
| 7:02 | Create | Villager (Male) |
| 7:21 | Create | Villager (Male) |
| 7:49 | Create | Villager (Male) |
| 8:19 | Research | Feudal Age |
| 8:26 | Build | Mining Camp |
| 9:43 | Build | House |
| 10:25 | Create | Villager (Male) |
| 10:32 | Age | Feudal Age |
| 10:34 | Create | Villager (Male) |
| 10:46 | Build | Market |
| 10:51 | Build | Blacksmith |
| 11:19 | Create | Villager (Male) |
| 11:37 | Research | Castle Age |
| 12:31 | Research | Bow Saw |
| 12:32 | Research | Bow Saw |
| 12:35 | Research | Horse Collar |
| 13:16 | Build | Farm |
| 13:21 | Build | Farm |
| 13:26 | Build | Farm |
| 13:36 | Build | Farm |
| 13:41 | Build | Farm |
| 13:46 | Build | Farm |
| 14:17 | Create | Villager (Male) |
| 14:27 | Age | Castle Age |
| 14:27 | Create | Villager (Male) |
| 14:32 | Build | Town Center |
| 14:40 | Build | House |
| 14:41 | Build | House |
| 14:42 | Create | Villager (Male) |
| 14:58 | Build | Farm |
| 14:58 | Build | Farm |
| 14:58 | Build | Farm |
| 14:58 | Build | Farm |
| 15:06 | Build | Farm |
| 15:06 | Build | Farm |
| 15:06 | Build | Farm |
| 15:07 | Build | Farm |
| 15:11 | Create | Villager (Male) |
| 15:40 | Create | Villager (Male) |
| 15:53 | Create | Villager (Male) |
| 15:54 | Create | Villager (Male) |
| 15:54 | Create | Villager (Male) |
| 16:18 | Build | Town Center |
| 16:19 | Create | Villager (Male) |
| 16:19 | Create | Villager (Male) |
| 16:20 | Create | Villager (Male) |
| 16:45 | Build | Stone Wall |
| 16:46 | Create | Villager (Male) |
| 16:46 | Create | Villager (Male) |
| 16:46 | Create | Villager (Male) |
| 16:56 | Build | Farm |
| 16:57 | Build | Farm |
| 16:57 | Build | Farm |
| 16:57 | Build | Farm |
| 16:57 | Build | Farm |
| 17:06 | Create | Villager (Male) |
| 17:06 | Create | Villager (Male) |
| 17:19 | Research | Wheelbarrow |
| 17:19 | Research | Wheelbarrow |
| 17:26 | Build | Farm |
| 17:32 | Build | House |
| 17:33 | Build | House |
| 17:41 | Build | Stone Wall |
| 17:43 | Create | Villager (Male) |
| 17:44 | Create | Villager (Male) |
| 17:54 | Create | Villager (Male) |
| 17:54 | Create | Villager (Male) |
| 18:23 | Build | Town Center |
| 18:25 | Create | Villager (Male) |
| 18:25 | Create | Villager (Male) |
| 18:25 | Create | Villager (Male) |
| 18:29 | Build | House |
| 18:30 | Build | House |
| 18:38 | Build | House |
| 18:39 | Create | Villager (Male) |
| 18:39 | Create | Villager (Male) |
| 18:48 | Build | Farm |
| 18:52 | Build | Farm |
| 18:57 | Build | Farm |
| 19:01 | Build | Farm |
| 19:02 | Create | Villager (Male) |
| 19:03 | Create | Villager (Male) |
| 19:03 | Create | Villager (Male) |
| 19:03 | Create | Villager (Male) |
| 19:14 | Research | Heavy Plow |
| 19:14 | Research | Heavy Plow |
| 19:15 | Create | Villager (Male) |
| 19:15 | Create | Villager (Male) |
| 19:40 | Research | Hand Cart |
| 19:40 | Research | Hand Cart |
| 19:52 | Build | Monastery |
| 19:53 | Create | Villager (Male) |
| 19:59 | Build | House |
| 20:00 | Build | House |
| 20:01 | Build | House |
| 20:02 | Build | House |
| 20:09 | Create | Villager (Male) |
| 20:09 | Create | Villager (Male) |
| 20:13 | Create | Villager (Male) |
| 20:13 | Create | Villager (Male) |
| 20:27 | Create | Villager (Male) |
| 20:27 | Create | Villager (Male) |
| 20:28 | Create | Villager (Male) |
| 20:28 | Create | Villager (Male) |
| 20:42 | Create | Villager (Male) |
| 20:42 | Create | Villager (Male) |
| 20:48 | Build | House |
| 20:55 | Create | Monk |
| 21:06 | Build | Farm |
| 21:06 | Build | Farm |
| 21:07 | Build | Farm |
| 21:07 | Build | Farm |
| 21:07 | Build | Farm |
| 21:12 | Create | Villager (Male) |
| 21:12 | Create | Villager (Male) |
| 21:12 | Create | Villager (Male) |
| 21:12 | Create | Villager (Male) |
| 21:18 | Build | Farm |
| 21:18 | Build | Farm |
Build order — TheHatefulN8
First 150 of 305 actions detected
| 0:01 | Create | Villager (Male) |
| 0:01 | Create | Villager (Male) |
| 0:02 | Create | Villager (Male) |
| 0:02 | Create | Villager (Male) |
| 0:05 | Build | House |
| 0:06 | Build | House |
| 0:52 | Research | Loom |
| 1:10 | Create | Villager (Male) |
| 1:10 | Create | Villager (Male) |
| 2:06 | Create | Villager (Male) |
| 3:23 | Build | Palisade Wall |
| 3:28 | Create | Villager (Male) |
| 3:28 | Create | Villager (Male) |
| 3:58 | Create | Villager (Male) |
| 3:58 | Create | Villager (Male) |
| 4:06 | Build | Outpost |
| 4:17 | Build | Lumber Camp |
| 4:23 | Create | Villager (Male) |
| 4:52 | Build | House |
| 5:03 | Create | Villager (Male) |
| 5:35 | Create | Villager (Male) |
| 5:57 | Create | Villager (Male) |
| 6:28 | Build | Mill |
| 6:43 | Create | Villager (Male) |
| 6:56 | Build | Lumber Camp |
| 7:05 | Create | Villager (Male) |
| 7:05 | Create | Villager (Male) |
| 7:06 | Create | Villager (Male) |
| 7:27 | Create | Villager (Male) |
| 8:05 | Create | Villager (Male) |
| 8:05 | Create | Villager (Male) |
| 8:08 | Build | House |
| 8:21 | Build | House |
| 9:45 | Create | Villager (Male) |
| 9:45 | Create | Villager (Male) |
| 9:45 | Create | Villager (Male) |
| 9:54 | Build | Mining Camp |
| 10:31 | Research | Feudal Age |
| 11:45 | Create | Villager (Male) |
| 11:45 | Create | Villager (Male) |
| 11:53 | Build | Farm |
| 11:53 | Build | Farm |
| 11:54 | Build | Farm |
| 11:54 | Build | Farm |
| 11:54 | Build | Farm |
| 11:55 | Build | Farm |
| 11:55 | Build | Farm |
| 11:56 | Build | Farm |
| 13:10 | Age | Feudal Age |
| 13:14 | Build | Market |
| 13:35 | Build | Blacksmith |
| 13:54 | Build | Stone Wall |
| 14:15 | Research | Castle Age |
| 14:22 | Research | Double-Bit Axe |
| 14:38 | Research | Horse Collar |
| 15:24 | Build | House |
| 15:43 | Build | Farm |
| 15:44 | Build | Farm |
| 15:44 | Build | Farm |
| 15:45 | Build | Farm |
| 15:45 | Build | Farm |
| 15:46 | Build | Farm |
| 15:56 | Build | Farm |
| 16:11 | Build | Farm |
| 16:20 | Research | Town Watch |
| 16:55 | Age | Castle Age |
| 17:08 | Create | Villager (Male) |
| 17:08 | Create | Villager (Male) |
| 17:19 | Build | Town Center |
| 17:35 | Create | Villager (Male) |
| 17:35 | Create | Villager (Male) |
| 17:43 | Research | Bow Saw |
| 18:30 | Build | House |
| 18:32 | Build | House |
| 18:32 | Build | House |
| 18:33 | Build | House |
| 18:34 | Build | House |
| 18:52 | Build | Town Center |
| 18:55 | Create | Villager (Male) |
| 18:55 | Create | Villager (Male) |
| 18:56 | Create | Villager (Male) |
| 18:56 | Create | Villager (Male) |
| 19:16 | Create | Villager (Male) |
| 19:17 | Create | Villager (Male) |
| 19:28 | Build | Farm |
| 19:39 | Create | Villager (Male) |
| 19:40 | Create | Villager (Male) |
| 19:47 | Create | Villager (Male) |
| 19:48 | Create | Villager (Male) |
| 19:53 | Build | Farm |
| 20:04 | Create | Villager (Male) |
| 20:05 | Create | Villager (Male) |
| 20:11 | Build | Monastery |
| 20:13 | Create | Villager (Male) |
| 20:14 | Create | Villager (Male) |
| 20:14 | Create | Villager (Male) |
| 20:18 | Build | Farm |
| 20:27 | Build | Monastery |
| 20:37 | Create | Villager (Male) |
| 20:37 | Create | Villager (Male) |
| 20:43 | Build | Farm |
| 20:54 | Create | Monk |
| 20:58 | Create | Villager (Male) |
| 20:58 | Create | Villager (Male) |
| 21:02 | Create | Villager (Male) |
| 21:02 | Create | Villager (Male) |
| 21:02 | Create | Villager (Male) |
| 21:10 | Create | Villager (Male) |
| 21:19 | Build | Farm |
| 21:32 | Research | Heavy Plow |
| 21:36 | Build | Farm |
| 21:56 | Create | Villager (Male) |
| 21:56 | Create | Villager (Male) |
| 22:01 | Build | House |
| 22:02 | Build | House |
| 22:03 | Build | House |
| 22:04 | Build | House |
| 22:05 | Build | House |
| 22:08 | Build | Farm |
| 22:15 | Create | Monk |
| 22:46 | Create | Villager (Male) |
| 22:46 | Create | Villager (Male) |
| 22:46 | Create | Villager (Male) |
| 22:48 | Build | Farm |
| 22:51 | Build | Farm |
| 22:59 | Create | Villager (Male) |
| 22:59 | Create | Villager (Male) |
| 22:59 | Create | Villager (Male) |
| 23:00 | Create | Villager (Male) |
| 23:20 | Create | Monk |
| 23:25 | Build | Farm |
| 23:27 | Create | Villager (Male) |
| 23:28 | Create | Villager (Male) |
| 23:28 | Create | Villager (Male) |
| 23:36 | Build | House |
| 23:37 | Build | House |
| 23:38 | Build | House |
| 23:43 | Build | Farm |
| 23:46 | Research | Gold Mining |
| 23:49 | Create | Villager (Male) |
| 23:50 | Create | Villager (Male) |
| 24:18 | Create | Villager (Male) |
| 24:18 | Create | Villager (Male) |
| 24:58 | Create | Monk |
| 25:18 | Create | Villager (Male) |
| 25:19 | Create | Villager (Male) |
| 25:19 | Create | Villager (Male) |
| 25:31 | Build | Town Center |
| 25:33 | Create | Villager (Male) |
| 25:33 | Create | Villager (Male) |
Build order — VenenoMcc
First 150 of 481 actions detected
| 0:03 | Create | Villager (Male) |
| 0:03 | Create | Villager (Male) |
| 0:04 | Create | Villager (Male) |
| 0:07 | Build | House |
| 0:08 | Build | House |
| 0:09 | Build | House |
| 1:19 | Create | Villager (Male) |
| 1:45 | Create | Villager (Male) |
| 1:47 | Research | Loom |
| 2:14 | Create | Villager (Male) |
| 2:57 | Create | Villager (Male) |
| 3:27 | Create | Villager (Male) |
| 3:28 | Create | Villager (Male) |
| 4:07 | Create | Villager (Male) |
| 4:08 | Create | Villager (Male) |
| 4:29 | Build | Lumber Camp |
| 4:50 | Create | Villager (Male) |
| 5:10 | Create | Villager (Male) |
| 5:11 | Create | Villager (Male) |
| 5:41 | Build | House |
| 6:19 | Create | Villager (Male) |
| 6:27 | Create | Villager (Male) |
| 7:08 | Create | Villager (Male) |
| 7:09 | Create | Villager (Male) |
| 7:47 | Create | Villager (Male) |
| 7:47 | Create | Villager (Male) |
| 8:02 | Create | Villager (Male) |
| 8:28 | Build | House |
| 8:33 | Create | Villager (Male) |
| 9:12 | Build | Mill |
| 9:34 | Create | Villager (Male) |
| 10:06 | Create | Villager (Male) |
| 10:25 | Research | Feudal Age |
| 10:37 | Build | Mill |
| 11:48 | Create | Villager (Male) |
| 11:48 | Create | Villager (Male) |
| 11:57 | Build | House |
| 12:09 | Build | Mill |
| 12:43 | Age | Feudal Age |
| 12:45 | Build | Market |
| 12:50 | Build | Blacksmith |
| 13:39 | Create | Villager (Male) |
| 13:59 | Create | Villager (Male) |
| 14:12 | Build | Mining Camp |
| 14:28 | Create | Villager (Male) |
| 14:58 | Research | Castle Age |
| 15:34 | Build | Mining Camp |
| 15:41 | Research | Double-Bit Axe |
| 15:56 | Build | House |
| 16:02 | Build | House |
| 16:08 | Research | Horse Collar |
| 16:46 | Build | Stone Wall |
| 16:54 | Build | Stone Wall |
| 17:04 | Build | Farm |
| 17:08 | Create | Villager (Male) |
| 17:08 | Create | Villager (Male) |
| 17:08 | Create | Villager (Male) |
| 17:30 | Build | Farm |
| 17:31 | Build | Farm |
| 17:32 | Build | Farm |
| 17:34 | Build | Farm |
| 17:35 | Build | Farm |
| 17:38 | Age | Castle Age |
| 17:42 | Create | Villager (Male) |
| 18:12 | Build | Barracks |
| 18:23 | Create | Villager (Male) |
| 18:42 | Build | Siege Workshop |
| 18:51 | Create | Villager (Male) |
| 18:57 | Build | Town Center |
| 19:03 | Create | Villager (Male) |
| 19:03 | Create | Villager (Male) |
| 19:04 | Create | Villager (Male) |
| 19:23 | Build | Gate |
| 19:26 | Create | Mangonel |
| 19:44 | Create | Villager (Male) |
| 19:58 | Create | Villager (Male) |
| 20:18 | Build | Mining Camp |
| 20:24 | Create | Mangonel |
| 20:27 | Create | Villager (Male) |
| 20:28 | Create | Villager (Male) |
| 20:29 | Create | Villager (Male) |
| 20:31 | Create | Villager (Male) |
| 21:00 | Create | Villager (Male) |
| 21:02 | Create | Villager (Male) |
| 21:12 | Build | Farm |
| 21:13 | Build | Farm |
| 21:14 | Build | Farm |
| 21:27 | Create | Villager (Male) |
| 21:30 | Create | Villager (Male) |
| 21:49 | Build | Town Center |
| 22:01 | Build | House |
| 22:02 | Build | House |
| 22:06 | Create | Villager (Male) |
| 22:06 | Create | Villager (Male) |
| 22:21 | Create | Villager (Male) |
| 22:22 | Create | Villager (Male) |
| 22:36 | Build | Lumber Camp |
| 22:43 | Build | House |
| 22:45 | Build | House |
| 22:46 | Build | House |
| 22:49 | Create | Villager (Male) |
| 22:51 | Create | Villager (Male) |
| 23:03 | Create | Villager (Male) |
| 23:15 | Create | Villager (Male) |
| 23:31 | Build | Town Center |
| 23:41 | Create | Villager (Male) |
| 23:48 | Build | Farm |
| 23:49 | Build | Farm |
| 23:50 | Build | Farm |
| 23:52 | Create | Villager (Male) |
| 23:54 | Create | Villager (Male) |
| 23:57 | Create | Villager (Male) |
| 24:21 | Create | Villager (Male) |
| 24:27 | Build | Farm |
| 24:28 | Build | Farm |
| 24:29 | Build | Farm |
| 24:42 | Create | Villager (Male) |
| 24:46 | Create | Villager (Male) |
| 24:53 | Build | Farm |
| 24:54 | Build | Farm |
| 24:56 | Build | Farm |
| 25:00 | Create | Villager (Male) |
| 25:04 | Create | Villager (Male) |
| 25:13 | Build | House |
| 25:15 | Build | House |
| 25:18 | Build | House |
| 25:19 | Build | House |
| 25:28 | Create | Villager (Male) |
| 25:36 | Build | Farm |
| 25:37 | Build | Farm |
| 25:39 | Build | Farm |
| 25:47 | Create | Villager (Male) |
| 25:49 | Create | Villager (Male) |
| 25:54 | Create | Villager (Male) |
| 26:00 | Create | Villager (Male) |
| 26:12 | Create | Mangonel |
| 26:28 | Build | Stone Wall |
| 26:40 | Build | Siege Workshop |
| 26:48 | Create | Mangonel |
| 26:52 | Create | Villager (Male) |
| 26:56 | Build | Farm |
| 26:57 | Build | Farm |
| 26:58 | Build | Farm |
| 26:59 | Build | Farm |
| 27:00 | Create | Villager (Male) |
| 27:02 | Create | Villager (Male) |
| 27:02 | Create | Villager (Male) |
| 27:04 | Create | Villager (Male) |
| 27:13 | Create | Mangonel |
| 27:47 | Build | Castle |
Build order — L.A.
First 150 of 484 actions detected
| 0:02 | Create | Villager (Male) |
| 0:03 | Create | Villager (Male) |
| 0:03 | Create | Villager (Male) |
| 0:04 | Build | House |
| 0:06 | Build | House |
| 0:16 | Create | Villager (Male) |
| 0:16 | Create | Villager (Male) |
| 1:20 | Build | Palisade Wall |
| 1:57 | Create | Villager (Male) |
| 1:57 | Create | Villager (Male) |
| 2:22 | Build | Lumber Camp |
| 3:20 | Create | Villager (Male) |
| 3:54 | Create | Villager (Male) |
| 3:54 | Create | Villager (Male) |
| 3:55 | Create | Villager (Male) |
| 4:20 | Build | House |
| 4:21 | Build | House |
| 4:26 | Create | Villager (Male) |
| 4:54 | Build | Mill |
| 4:59 | Create | Villager (Male) |
| 4:59 | Create | Villager (Male) |
| 4:59 | Create | Villager (Male) |
| 6:05 | Create | Villager (Male) |
| 6:06 | Create | Villager (Male) |
| 6:06 | Create | Villager (Male) |
| 7:00 | Create | Villager (Male) |
| 7:01 | Create | Villager (Male) |
| 7:01 | Create | Villager (Male) |
| 7:01 | Create | Villager (Male) |
| 7:17 | Create | Villager (Male) |
| 7:17 | Create | Villager (Male) |
| 7:18 | Create | Villager (Male) |
| 7:35 | Build | Mining Camp |
| 8:02 | Build | House |
| 8:13 | Create | Villager (Male) |
| 8:25 | Research | Feudal Age |
| 10:13 | Create | Villager (Male) |
| 10:13 | Create | Villager (Male) |
| 10:44 | Age | Feudal Age |
| 10:45 | Build | Blacksmith |
| 10:47 | Build | Market |
| 11:42 | Research | Castle Age |
| 12:18 | Research | Horse Collar |
| 12:29 | Research | Double-Bit Axe |
| 12:37 | Build | Farm |
| 12:45 | Build | Farm |
| 12:49 | Build | Farm |
| 12:52 | Build | Farm |
| 12:54 | Build | Farm |
| 13:57 | Create | Villager (Male) |
| 14:02 | Build | House |
| 14:04 | Build | House |
| 14:08 | Age | Castle Age |
| 14:12 | Research | Bow Saw |
| 14:18 | Research | Stone Mining |
| 14:26 | Create | Villager (Male) |
| 14:34 | Build | Mining Camp |
| 14:41 | Build | House |
| 14:42 | Build | House |
| 14:42 | Build | House |
| 15:04 | Create | Villager (Male) |
| 15:04 | Create | Villager (Male) |
| 15:09 | Build | Farm |
| 15:45 | Create | Villager (Male) |
| 16:00 | Build | Castle |
| 16:08 | Build | Farm |
| 16:11 | Create | Villager (Male) |
| 16:12 | Create | Villager (Male) |
| 16:22 | Build | Lumber Camp |
| 16:49 | Build | Farm |
| 16:56 | Create | Villager (Male) |
| 17:23 | Create | War Elephant |
| 17:33 | Build | Farm |
| 17:38 | Create | Villager (Male) |
| 17:38 | Create | Villager (Male) |
| 17:38 | Create | Villager (Male) |
| 18:18 | Create | Villager (Male) |
| 18:19 | Create | Villager (Male) |
| 18:28 | Build | Palisade Wall |
| 18:35 | Create | War Elephant |
| 18:48 | Build | Outpost |
| 18:54 | Build | Farm |
| 18:59 | Create | Villager (Male) |
| 18:59 | Create | Villager (Male) |
| 19:01 | Build | Town Center |
| 19:08 | Build | Farm |
| 19:12 | Build | Farm |
| 19:16 | Build | Farm |
| 19:24 | Create | Villager (Male) |
| 19:24 | Create | Villager (Male) |
| 19:45 | Build | Farm |
| 19:46 | Create | Villager (Male) |
| 19:47 | Create | Villager (Male) |
| 19:47 | Create | Villager (Male) |
| 19:52 | Build | Farm |
| 20:11 | Build | House |
| 20:13 | Build | Monastery |
| 20:25 | Build | Outpost |
| 20:28 | Build | Farm |
| 20:29 | Create | Villager (Male) |
| 20:29 | Create | Villager (Male) |
| 20:36 | Create | Villager (Male) |
| 20:36 | Create | Villager (Male) |
| 20:37 | Create | Villager (Male) |
| 20:38 | Build | Farm |
| 20:56 | Create | Villager (Male) |
| 21:07 | Build | Outpost |
| 21:18 | Research | Town Watch |
| 21:19 | Research | Loom |
| 21:31 | Research | Wheelbarrow |
| 21:44 | Build | Farm |
| 21:45 | Build | Farm |
| 21:47 | Build | Farm |
| 22:04 | Create | Monk |
| 22:10 | Create | Villager (Male) |
| 22:11 | Create | Villager (Male) |
| 22:11 | Create | Villager (Male) |
| 22:17 | Build | Farm |
| 22:17 | Build | Farm |
| 22:17 | Build | Farm |
| 22:18 | Build | Farm |
| 22:18 | Build | Farm |
| 22:18 | Build | Farm |
| 22:41 | Build | Farm |
| 22:44 | Build | Farm |
| 22:50 | Create | Villager (Male) |
| 22:57 | Create | Villager (Male) |
| 22:57 | Create | Villager (Male) |
| 23:09 | Create | Villager (Male) |
| 23:23 | Build | Mill |
| 23:24 | Build | Farm |
| 23:28 | Build | Town Center |
| 23:33 | Research | Heavy Plow |
| 23:36 | Research | Stone Shaft Mining |
| 23:40 | Research | Gold Mining |
| 23:43 | Research | Scale Barding Armor |
| 23:46 | Create | Villager (Male) |
| 23:46 | Create | Villager (Male) |
| 23:47 | Create | Villager (Male) |
| 23:47 | Create | Villager (Male) |
| 23:47 | Create | Villager (Male) |
| 23:48 | Create | Villager (Male) |
| 23:48 | Create | Villager (Male) |
| 23:48 | Create | Villager (Male) |
| 24:15 | Create | Petard |
| 24:16 | Create | Petard |
| 24:36 | Research | Hand Cart |
| 24:38 | Create | Villager (Male) |
| 24:43 | Build | Farm |
| 24:44 | Build | Farm |
Build order — dimura33
First 150 of 456 actions detected
| 0:01 | Create | Villager (Male) ×4 |
| 0:01 | Create | Villager (Male) ×4 |
| 0:03 | Build | House |
| 0:04 | Build | House |
| 0:47 | Build | Palisade Wall |
| 0:54 | Build | Palisade Wall |
| 0:57 | Build | Palisade Wall |
| 1:36 | Research | Loom |
| 2:19 | Create | Villager (Male) |
| 2:19 | Create | Villager (Male) |
| 2:29 | Build | Palisade Wall |
| 2:54 | Create | Villager (Male) |
| 2:54 | Create | Villager (Male) |
| 3:19 | Build | Palisade Wall |
| 3:22 | Build | Palisade Wall |
| 3:34 | Create | Villager (Male) |
| 3:34 | Create | Villager (Male) |
| 4:02 | Build | Palisade Wall |
| 4:12 | Create | Villager (Male) |
| 4:41 | Create | Villager (Male) |
| 4:41 | Create | Villager (Male) |
| 5:09 | Create | Villager (Male) |
| 5:09 | Create | Villager (Male) |
| 5:42 | Create | Villager (Male) |
| 5:43 | Create | Villager (Male) |
| 5:57 | Build | House |
| 6:09 | Create | Villager (Male) ×2 |
| 6:09 | Create | Villager (Male) |
| 6:24 | Create | Villager (Male) |
| 6:24 | Create | Villager (Male) |
| 6:39 | Build | Lumber Camp |
| 7:30 | Build | House |
| 8:12 | Create | Villager (Male) |
| 8:13 | Create | Villager (Male) |
| 9:10 | Create | Villager (Male) |
| 9:10 | Create | Villager (Male) |
| 9:16 | Create | Villager (Male) |
| 9:19 | Build | House |
| 9:33 | Create | Villager (Male) |
| 9:33 | Create | Villager (Male) |
| 11:30 | Build | Mill |
| 11:31 | Create | Villager (Male) |
| 11:47 | Create | Villager (Male) |
| 11:55 | Build | House |
| 12:31 | Research | Feudal Age |
| 13:25 | Create | Villager (Male) |
| 13:25 | Create | Villager (Male) |
| 14:52 | Age | Feudal Age |
| 14:56 | Build | Market |
| 15:00 | Build | Blacksmith |
| 15:12 | Build | Stone Wall |
| 15:14 | Build | Stone Wall |
| 15:22 | Build | Stone Wall |
| 15:59 | Research | Castle Age |
| 16:34 | Build | Stone Wall |
| 17:20 | Build | Stone Wall |
| 17:48 | Build | Stone Wall |
| 17:54 | Create | Villager (Male) |
| 17:58 | Build | Farm |
| 18:05 | Research | Double-Bit Axe |
| 18:08 | Build | Farm |
| 18:11 | Build | Farm |
| 18:39 | Age | Castle Age |
| 18:47 | Build | Monastery |
| 18:55 | Build | Stone Wall |
| 19:05 | Create | Villager (Male) |
| 19:16 | Build | Town Center |
| 19:21 | Create | Monk |
| 19:28 | Build | Stone Wall |
| 19:29 | Build | Stone Wall |
| 19:31 | Build | House |
| 19:44 | Create | Villager (Male) |
| 19:55 | Create | Villager (Male) |
| 20:06 | Build | Stone Wall |
| 20:06 | Build | Stone Wall |
| 20:06 | Build | Stone Wall |
| 20:07 | Build | Stone Wall |
| 20:07 | Build | Stone Wall |
| 20:07 | Build | Stone Wall |
| 20:08 | Build | Stone Wall |
| 20:10 | Build | Stone Wall |
| 20:11 | Build | Stone Wall |
| 20:13 | Create | Villager (Male) |
| 20:47 | Build | Town Center |
| 20:48 | Build | Farm |
| 20:48 | Build | Farm |
| 20:48 | Build | Farm |
| 20:48 | Build | Farm |
| 20:49 | Build | Farm |
| 20:56 | Build | Farm |
| 20:58 | Build | Farm |
| 21:00 | Create | Villager (Male) |
| 21:00 | Create | Villager (Male) |
| 21:30 | Create | Villager (Male) |
| 21:33 | Build | Farm |
| 22:00 | Create | Villager (Male) |
| 22:00 | Create | Villager (Male) |
| 22:00 | Create | Villager (Male) |
| 22:03 | Build | Farm |
| 22:06 | Create | Villager (Male) |
| 22:06 | Create | Villager (Male) |
| 22:07 | Create | Villager (Male) |
| 22:14 | Build | Farm |
| 22:15 | Build | Farm |
| 22:16 | Build | Farm |
| 22:20 | Create | Villager (Male) |
| 22:20 | Create | Villager (Male) |
| 22:27 | Build | Farm |
| 22:39 | Build | Farm |
| 22:40 | Create | Villager (Male) |
| 22:40 | Create | Villager (Male) |
| 22:50 | Build | Farm |
| 22:50 | Create | Villager (Male) |
| 22:50 | Create | Villager (Male) |
| 22:55 | Create | Villager (Male) ×2 |
| 22:56 | Create | Villager (Male) ×2 |
| 22:56 | Create | Villager (Male) |
| 22:56 | Create | Villager (Male) |
| 23:06 | Build | House |
| 23:07 | Create | Villager (Male) |
| 23:07 | Create | Villager (Male) |
| 23:07 | Create | Villager (Male) |
| 23:11 | Build | Farm |
| 23:24 | Build | Farm |
| 23:25 | Create | Villager (Male) ×2 |
| 23:29 | Build | House |
| 23:31 | Create | Villager (Male) |
| 23:31 | Create | Villager (Male) |
| 23:37 | Create | Villager (Male) |
| 23:37 | Create | Villager (Male) |
| 23:37 | Create | Villager (Male) |
| 23:42 | Build | Farm |
| 23:44 | Create | Villager (Male) |
| 23:44 | Create | Villager (Male) |
| 23:44 | Create | Villager (Male) |
| 23:44 | Create | Villager (Male) |
| 23:49 | Create | Villager (Male) |
| 23:50 | Create | Villager (Male) |
| 23:54 | Build | Farm |
| 23:56 | Create | Villager (Male) |
| 23:56 | Create | Villager (Male) |
| 24:00 | Create | Villager (Male) |
| 24:06 | Build | Farm |
| 24:06 | Create | Villager (Male) |
| 24:11 | Build | House |
| 24:17 | Create | Villager (Male) |
| 24:30 | Create | Villager (Male) ×2 |
| 24:30 | Create | Villager (Male) ×2 |
| 24:33 | Build | Farm |
| 24:38 | Build | House |
Build order — Marcos__2025
First 150 of 489 actions detected
| 0:01 | Create | Villager (Male) |
| 0:01 | Create | Villager (Male) |
| 0:01 | Create | Villager (Male) |
| 0:02 | Create | Villager (Male) |
| 0:02 | Create | Villager (Male) |
| 0:03 | Build | House |
| 0:04 | Build | House |
| 1:24 | Create | Villager (Male) |
| 1:44 | Build | Lumber Camp |
| 1:51 | Create | Villager (Male) |
| 2:09 | Create | Villager (Male) |
| 2:35 | Create | Villager (Male) |
| 2:35 | Create | Villager (Male) |
| 3:00 | Create | Villager (Male) |
| 3:34 | Build | Palisade Wall |
| 3:38 | Create | Villager (Male) |
| 3:50 | Build | Palisade Wall |
| 3:52 | Build | Palisade Wall |
| 4:16 | Build | House |
| 4:33 | Create | Villager (Male) |
| 4:33 | Create | Villager (Male) |
| 5:00 | Build | Mill |
| 5:17 | Create | Villager (Male) |
| 5:44 | Build | Lumber Camp |
| 5:48 | Create | Villager (Male) |
| 5:56 | Build | House |
| 6:14 | Create | Villager (Male) |
| 6:38 | Create | Villager (Male) |
| 7:07 | Create | Villager (Male) |
| 7:27 | Create | Villager (Male) |
| 7:51 | Build | Farm |
| 7:53 | Build | Farm |
| 7:56 | Build | Farm |
| 7:59 | Create | Villager (Male) |
| 7:59 | Create | Villager (Male) |
| 8:00 | Create | Villager (Male) |
| 8:27 | Build | Mining Camp |
| 9:21 | Research | Feudal Age |
| 9:22 | Research | Loom |
| 9:35 | Build | Farm |
| 9:37 | Build | Farm |
| 9:43 | Build | Farm |
| 10:37 | Build | House |
| 11:31 | Age | Feudal Age |
| 11:31 | Create | Villager (Male) |
| 11:31 | Create | Villager (Male) |
| 11:34 | Build | Market |
| 11:47 | Build | Blacksmith |
| 12:53 | Research | Castle Age |
| 13:27 | Build | Farm |
| 13:40 | Build | Farm |
| 13:51 | Research | Horse Collar |
| 13:59 | Research | Double-Bit Axe |
| 14:17 | Build | Stone Wall |
| 14:33 | Build | Palisade Wall |
| 14:38 | Build | Stone Wall |
| 14:45 | Build | House |
| 14:54 | Build | Stone Wall |
| 14:55 | Build | Stone Wall |
| 15:14 | Build | Stone Wall |
| 15:19 | Research | Wheelbarrow |
| 15:33 | Age | Castle Age |
| 15:36 | Build | Town Center |
| 15:45 | Create | Villager (Male) |
| 16:04 | Build | House |
| 16:18 | Build | Town Center |
| 16:39 | Create | Villager (Male) |
| 16:39 | Create | Villager (Male) |
| 16:54 | Build | Farm |
| 16:56 | Build | Farm |
| 17:03 | Create | Villager (Male) |
| 17:05 | Build | Farm |
| 17:15 | Build | Farm |
| 17:19 | Create | Villager (Male) |
| 17:19 | Create | Villager (Male) |
| 17:32 | Build | Farm |
| 17:35 | Build | Farm |
| 17:40 | Create | Villager (Male) |
| 17:53 | Build | Farm |
| 17:55 | Create | Villager (Male) |
| 18:06 | Build | Mining Camp |
| 18:08 | Create | Villager (Male) |
| 18:25 | Build | Farm |
| 18:31 | Build | Farm |
| 18:31 | Create | Villager (Male) |
| 18:32 | Create | Villager (Male) |
| 18:32 | Create | Villager (Male) |
| 18:35 | Create | Villager (Male) |
| 18:39 | Build | Farm |
| 19:00 | Build | Farm |
| 19:01 | Create | Villager (Male) |
| 19:01 | Create | Villager (Male) |
| 19:07 | Build | Farm |
| 19:08 | Create | Villager (Male) |
| 19:16 | Build | Farm |
| 19:18 | Create | Villager (Male) |
| 19:18 | Create | Villager (Male) |
| 19:22 | Build | Farm |
| 19:26 | Build | Farm |
| 19:27 | Create | Villager (Male) |
| 19:33 | Build | Farm |
| 19:51 | Build | Farm |
| 19:55 | Create | Villager (Male) |
| 19:55 | Create | Villager (Male) |
| 19:57 | Create | Villager (Male) |
| 20:05 | Build | Farm |
| 20:11 | Create | Villager (Male) |
| 20:24 | Build | Farm |
| 20:25 | Create | Villager (Male) |
| 20:26 | Create | Villager (Male) |
| 20:26 | Create | Villager (Male) |
| 20:38 | Create | Villager (Male) |
| 20:38 | Create | Villager (Male) |
| 20:44 | Build | Farm |
| 20:49 | Build | House |
| 20:51 | Build | House |
| 20:55 | Create | Villager (Male) |
| 20:55 | Create | Villager (Male) |
| 20:56 | Create | Villager (Male) |
| 21:05 | Create | Villager (Male) |
| 21:08 | Build | House |
| 21:13 | Build | House |
| 21:16 | Create | Villager (Male) |
| 21:16 | Create | Villager (Male) |
| 21:18 | Build | House |
| 21:31 | Create | Villager (Male) |
| 21:31 | Create | Villager (Male) |
| 21:39 | Build | Farm |
| 21:41 | Create | Villager (Male) |
| 21:55 | Build | Farm |
| 21:56 | Create | Villager (Male) |
| 21:56 | Create | Villager (Male) |
| 22:00 | Build | Farm |
| 22:02 | Create | Villager (Male) |
| 22:20 | Build | Town Center |
| 22:30 | Create | Villager (Male) |
| 22:30 | Create | Villager (Male) |
| 22:38 | Create | Villager (Male) |
| 22:38 | Create | Villager (Male) |
| 22:42 | Build | Mining Camp |
| 22:43 | Create | Villager (Male) |
| 22:44 | Create | Villager (Male) |
| 22:48 | Build | House |
| 22:58 | Build | House |
| 23:05 | Build | House |
| 23:08 | Create | Villager (Male) |
| 23:08 | Create | Villager (Male) |
| 23:25 | Build | University |
| 23:34 | Create | Villager (Male) |
| 23:35 | Create | Villager (Male) |
Build order — iZanor
First 150 of 542 actions detected
| 0:01 | Create | Villager (Male) ×4 |
| 0:02 | Build | House |
| 0:03 | Build | House |
| 0:40 | Research | Loom |
| 0:57 | Create | Villager (Male) |
| 0:57 | Create | Villager (Male) |
| 0:57 | Create | Villager (Male) |
| 1:28 | Build | Palisade Wall |
| 1:35 | Build | Palisade Wall |
| 1:36 | Build | Palisade Wall |
| 1:37 | Create | Villager (Male) |
| 1:37 | Create | Villager (Male) |
| 2:06 | Create | Villager (Male) |
| 2:06 | Create | Villager (Male) |
| 2:39 | Build | Lumber Camp |
| 2:40 | Create | Villager (Male) |
| 2:41 | Create | Villager (Male) |
| 3:13 | Create | Villager (Male) |
| 3:19 | Create | Villager (Male) |
| 4:12 | Create | Villager (Male) |
| 4:12 | Create | Villager (Male) |
| 4:18 | Build | House |
| 4:27 | Create | Villager (Male) |
| 4:27 | Create | Villager (Male) |
| 4:59 | Create | Villager (Male) |
| 4:59 | Create | Villager (Male) |
| 5:46 | Create | Villager (Male) |
| 5:46 | Create | Villager (Male) |
| 6:07 | Create | Villager (Male) |
| 6:23 | Create | Villager (Male) |
| 6:57 | Build | Mill |
| 7:06 | Create | Villager (Male) |
| 7:07 | Create | Villager (Male) |
| 7:28 | Research | Feudal Age |
| 8:04 | Build | House |
| 8:44 | Create | Villager (Male) |
| 9:38 | Age | Feudal Age |
| 9:41 | Build | Town Center |
| 9:48 | Create | Villager (Male) |
| 9:48 | Research | Horse Collar |
| 9:49 | Research | Double-Bit Axe |
| 10:28 | Create | Villager (Male) |
| 10:28 | Create | Villager (Male) |
| 10:28 | Create | Villager (Male) |
| 10:28 | Create | Villager (Male) |
| 10:47 | Create | Villager (Male) |
| 11:19 | Create | Villager (Male) |
| 11:25 | Create | Villager (Male) |
| 11:26 | Create | Villager (Male) |
| 11:32 | Build | House |
| 11:33 | Build | House |
| 12:11 | Create | Villager (Male) |
| 12:11 | Create | Villager (Male) |
| 12:12 | Create | Villager (Male) |
| 12:22 | Create | Villager (Male) |
| 12:25 | Create | Villager (Male) |
| 12:45 | Create | Villager (Male) |
| 12:52 | Build | Farm |
| 12:53 | Build | Farm |
| 12:53 | Build | Farm |
| 12:53 | Build | Farm |
| 12:53 | Build | Farm |
| 13:07 | Create | Villager (Male) |
| 13:09 | Create | Villager (Male) |
| 13:24 | Create | Villager (Male) |
| 13:24 | Create | Villager (Male) |
| 13:30 | Build | House |
| 13:33 | Build | House |
| 13:58 | Create | Villager (Male) |
| 13:58 | Create | Villager (Male) |
| 14:04 | Build | Farm |
| 14:06 | Build | Farm |
| 14:08 | Build | Farm |
| 14:11 | Build | Farm |
| 14:18 | Build | Farm |
| 14:21 | Build | Farm |
| 14:22 | Create | Villager (Male) |
| 14:22 | Create | Villager (Male) |
| 14:34 | Build | Blacksmith |
| 14:48 | Build | Farm |
| 14:54 | Build | Farm |
| 14:59 | Create | Villager (Male) |
| 15:00 | Research | Wheelbarrow |
| 15:08 | Build | Mining Camp |
| 15:27 | Build | Farm |
| 15:29 | Build | Farm |
| 15:32 | Build | Farm |
| 15:35 | Create | Villager (Male) |
| 15:35 | Create | Villager (Male) |
| 15:36 | Create | Villager (Male) |
| 15:56 | Build | Market |
| 16:11 | Build | Farm |
| 16:14 | Create | Villager (Male) |
| 16:36 | Create | Villager (Male) |
| 16:45 | Create | Villager (Male) |
| 17:01 | Build | House |
| 17:18 | Research | Castle Age |
| 17:18 | Research | Castle Age |
| 17:31 | Create | Villager (Male) |
| 17:50 | Build | Barracks |
| 17:53 | Build | Lumber Camp |
| 18:07 | Create | Villager (Male) |
| 18:08 | Create | Villager (Male) |
| 18:08 | Create | Villager (Male) |
| 18:13 | Research | Scale Barding Armor |
| 18:32 | Build | Stable |
| 18:33 | Build | Stable |
| 18:34 | Build | Stable |
| 18:39 | Create | Villager (Male) |
| 18:39 | Create | Villager (Male) |
| 18:43 | Build | House |
| 18:45 | Build | House |
| 18:46 | Build | House |
| 18:46 | Build | House |
| 18:50 | Create | Villager (Male) |
| 19:14 | Research | Forging |
| 19:21 | Create | Villager (Male) |
| 19:25 | Build | Farm |
| 19:36 | Build | Farm |
| 19:40 | Create | Villager (Male) |
| 19:54 | Create | Villager (Male) |
| 19:54 | Create | Villager (Male) |
| 19:57 | Build | Farm |
| 19:58 | Age | Castle Age |
| 20:01 | Research | Heavy Plow |
| 20:03 | Research | Bow Saw |
| 20:06 | Build | Town Center |
| 20:12 | Build | Siege Workshop |
| 20:15 | Create | Villager (Male) |
| 20:19 | Research | Bloodlines |
| 20:25 | Build | Farm |
| 20:27 | Create | Villager (Male) |
| 20:36 | Build | House |
| 20:37 | Build | House |
| 20:39 | Create | Villager (Male) |
| 20:56 | Build | Farm |
| 21:04 | Create | Villager (Male) |
| 21:14 | Create | Steppe Lancer ×4 |
| 21:20 | Create | Villager (Male) |
| 21:28 | Create | Villager (Male) |
| 21:28 | Create | Villager (Male) |
| 21:33 | Build | Farm |
| 21:35 | Build | Farm |
| 21:38 | Build | Farm |
| 21:44 | Create | Villager (Male) |
| 21:44 | Create | Villager (Male) |
| 21:45 | Create | Villager (Male) |
| 21:47 | Build | House |
| 21:48 | Build | House |
| 21:49 | Build | House |
Match timeline
| 0:42 | Lemerfew · wall_segment Palisade Wall x10 |
| 0:47 | dimura33 · wall_segment Palisade Wall x10 |
| 0:54 | dimura33 · wall_segment Palisade Wall x3 |
| 0:57 | dimura33 · wall_segment Palisade Wall x5 |
| 1:20 | L.A. · wall_segment Palisade Wall x10 |
| 1:23 | Dedpool_Aoe · wall_segment Palisade Wall x7 |
| 1:28 | iZanor · wall_segment Palisade Wall x1 |
| 1:35 | iZanor · wall_segment Palisade Wall x7 |
| 1:36 | iZanor · wall_segment Palisade Wall x2 |
| 1:47 | Dedpool_Aoe · wall_segment Palisade Wall x2 |
| 2:29 | dimura33 · wall_segment Palisade Wall x9 |
| 3:19 | dimura33 · wall_segment Palisade Wall x5 |
| 3:22 | dimura33 · wall_segment Palisade Wall x7 |
| 3:23 | TheHatefulN8 · wall_segment Palisade Wall x10 |
| 3:34 | Marcos__2025 · wall_segment Palisade Wall x9 |
| 3:50 | Marcos__2025 · wall_segment Palisade Wall x1 |
| 3:52 | Marcos__2025 · wall_segment Palisade Wall x6 |
| 4:02 | dimura33 · wall_segment Palisade Wall x2 |
| 9:38 | iZanor · age_up feudal |
| 10:32 | Dedpool_Aoe · age_up feudal |
| 10:44 | L.A. · age_up feudal |
| 11:31 | Marcos__2025 · age_up feudal |
| 11:40 | L.A. · first_market_sell 100 stone |
| 12:38 | Marcos__2025 · first_market_sell 100 wood |
| 12:40 | Marcos__2025 · first_market_buy 100 food |
| 12:43 | VenenoMcc · age_up feudal |
| 12:58 | Lemerfew · age_up feudal |
| 13:10 | TheHatefulN8 · age_up feudal |
| 13:54 | TheHatefulN8 · wall_segment Stone Wall x12 |
| 14:08 | L.A. · age_up castle |
| 14:17 | Marcos__2025 · wall_segment Stone Wall x1 |
| 14:27 | Dedpool_Aoe · age_up castle |
| 14:33 | Marcos__2025 · wall_segment Palisade Wall x1 |
| 14:38 | Marcos__2025 · wall_segment Stone Wall x1 |
| 14:52 | dimura33 · age_up feudal |
| 14:54 | Marcos__2025 · wall_segment Stone Wall x1 |
| 14:55 | Marcos__2025 · wall_segment Stone Wall x1 |
| 14:56 | VenenoMcc · first_market_sell 100 wood |
| 15:12 | dimura33 · wall_segment Stone Wall x8 |
| 15:14 | dimura33 · wall_segment Stone Wall x6 |
| 15:14 | Marcos__2025 · wall_segment Stone Wall x6 |
| 15:22 | dimura33 · wall_segment Stone Wall x12 |
| 15:33 | Marcos__2025 · age_up castle |
| 15:54 | dimura33 · first_market_sell 100 wood |
| 16:00 | L.A. · first_building Castle |
| 16:34 | dimura33 · wall_segment Stone Wall x1 |
| 16:45 | Dedpool_Aoe · wall_segment Stone Wall x11 |
| 16:46 | VenenoMcc · wall_segment Stone Wall x15 |
| 16:50 | iZanor · first_market_sell 100 wood |
| 16:54 | VenenoMcc · wall_segment Stone Wall x19 |
| 16:55 | TheHatefulN8 · age_up castle |
| 17:20 | dimura33 · wall_segment Stone Wall x10 |
| 17:30 | dimura33 · first_market_buy 100 stone |
| 17:38 | VenenoMcc · age_up castle |
| 17:39 | Lemerfew · age_up castle |
| 17:41 | Dedpool_Aoe · wall_segment Stone Wall x6 |
| 17:48 | dimura33 · wall_segment Stone Wall x15 |
| 17:49 | Dedpool_Aoe · first_market_buy 100 stone |
| 17:50 | iZanor · first_building Barracks |
| 18:12 | VenenoMcc · first_building Barracks |
| 18:28 | L.A. · wall_segment Palisade Wall x1 |
| 18:32 | iZanor · first_building Stable |
| 18:38 | TheHatefulN8 · first_market_buy 100 wood |
| 18:39 | dimura33 · age_up castle |
| 18:42 | VenenoMcc · first_building Siege Workshop |
| 18:47 | dimura33 · first_building Monastery |
| 18:55 | dimura33 · wall_segment Stone Wall x1 |
| 19:28 | dimura33 · wall_segment Stone Wall x1 |
| 19:29 | dimura33 · wall_segment Stone Wall x1 |
| 19:49 | Lemerfew · wall_segment Stone Wall x12 |
| 19:50 | Marcos__2025 · tribute_sent a jugador 1 |
| 19:50 | Marcos__2025 · tribute_sent a jugador 2 |
| 19:50 | Marcos__2025 · tribute_sent a jugador 3 |
| 19:50 | Marcos__2025 · tribute_sent a jugador 4 |
| 19:50 | Marcos__2025 · tribute_sent a jugador 5 |
| 19:50 | Marcos__2025 · tribute_sent a jugador 6 |
| 19:50 | Marcos__2025 · tribute_sent a jugador 8 |
| 19:52 | Dedpool_Aoe · first_building Monastery |
| 19:58 | iZanor · age_up castle |
| 20:06 | dimura33 · wall_segment Stone Wall x1 |
| 20:06 | dimura33 · wall_segment Stone Wall x1 |
| 20:06 | dimura33 · wall_segment Stone Wall x1 |
| 20:07 | dimura33 · wall_segment Stone Wall x2 |
| 20:07 | dimura33 · wall_segment Stone Wall x1 |
| 20:07 | dimura33 · wall_segment Stone Wall x1 |
| 20:08 | dimura33 · wall_segment Stone Wall x1 |
| 20:10 | dimura33 · wall_segment Stone Wall x1 |
| 20:11 | dimura33 · wall_segment Stone Wall x1 |
| 20:11 | TheHatefulN8 · first_building Monastery |
| 20:12 | iZanor · first_building Siege Workshop |
| 20:13 | L.A. · first_building Monastery |
| 20:51 | Dedpool_Aoe · first_market_sell 100 wood |
| 21:58 | iZanor · first_market_buy 100 food |
| 22:30 | Lemerfew · first_building Monastery |
| 24:32 | Marcos__2025 · first_building Monastery |
| 25:14 | Lemerfew · first_building Barracks |
| 25:55 | Dedpool_Aoe · first_building Castle |
| 26:08 | Lemerfew · first_building Stable |
| 26:28 | VenenoMcc · wall_segment Stone Wall x17 |
| 26:34 | dimura33 · wall_segment Stone Wall x8 |
| 26:36 | dimura33 · wall_segment Stone Wall x5 |
| 26:38 | dimura33 · wall_segment Stone Wall x5 |
| 26:44 | Marcos__2025 · first_building Siege Workshop |
| 27:47 | VenenoMcc · first_building Castle |
| 27:58 | iZanor · first_building Monastery |
| 28:27 | dimura33 · wall_segment Stone Wall x1 |
| 28:27 | Dedpool_Aoe · first_building Siege Workshop |
| 28:35 | VenenoMcc · first_building Stable |
| 28:49 | Dedpool_Aoe · first_building Barracks |
| 29:00 | Marcos__2025 · age_up imperial |
| 29:57 | VenenoMcc · wall_segment Stone Wall x14 |
| 30:22 | Dedpool_Aoe · age_up imperial |
| 30:24 | TheHatefulN8 · wall_segment Stone Wall x13 |
| 30:27 | Marcos__2025 · first_building Castle |
| 30:30 | L.A. · age_up imperial |
| 30:49 | VenenoMcc · wall_segment Stone Wall x6 |
| 31:13 | dimura33 · wall_segment Stone Wall x1 |
| 31:15 | dimura33 · wall_segment Stone Wall x7 |
| 31:43 | iZanor · age_up imperial |
| 31:43 | TheHatefulN8 · wall_segment Stone Wall x14 |
| 31:53 | Lemerfew · age_up imperial |
| 32:12 | dimura33 · first_building Siege Workshop |
| 32:25 | Marcos__2025 · first_building Barracks |
| 32:43 | Lemerfew · first_building Castle |
| 32:53 | VenenoMcc · first_market_buy 100 stone |
| 32:59 | TheHatefulN8 · first_building Barracks |
| 33:05 | TheHatefulN8 · first_building Siege Workshop |
| 33:52 | TheHatefulN8 · first_building Castle |
| 33:53 | TheHatefulN8 · age_up imperial |
| 34:10 | Marcos__2025 · first_building Archery Range |
| 34:58 | L.A. · first_building Barracks |
| 35:03 | TheHatefulN8 · wall_segment Stone Wall x17 |
| 35:30 | Lemerfew · first_market_sell 100 food |
| 35:31 | Lemerfew · first_market_buy 100 stone |
| 35:59 | TheHatefulN8 · first_building Stable |
| 36:03 | TheHatefulN8 · first_building Archery Range |
| 36:07 | dimura33 · wall_segment Stone Wall x9 |
| 36:41 | dimura33 · age_up imperial |
| 37:36 | L.A. · first_building Stable |
| 37:53 | iZanor · first_building Castle |
| 38:14 | Lemerfew · wall_segment Stone Wall x2 |
| 38:15 | Lemerfew · wall_segment Stone Wall x1 |
| 38:17 | Lemerfew · wall_segment Stone Wall x5 |
| 38:19 | Lemerfew · wall_segment Stone Wall x6 |
| 38:20 | Lemerfew · wall_segment Stone Wall x3 |
| 38:22 | Lemerfew · wall_segment Stone Wall x8 |
| 38:23 | Lemerfew · wall_segment Stone Wall x7 |
| 38:24 | Lemerfew · wall_segment Stone Wall x2 |
| 40:15 | VenenoMcc · wall_segment Stone Wall x13 |
| 40:42 | dimura33 · wall_segment Stone Wall x7 |
| 40:44 | dimura33 · wall_segment Stone Wall x7 |
| 41:26 | L.A. · first_market_buy 100 stone |
| 42:18 | Marcos__2025 · wall_segment Stone Wall x13 |
| 43:25 | L.A. · first_building Archery Range |
| 44:23 | dimura33 · wall_segment Stone Wall x8 |
| 44:24 | dimura33 · wall_segment Stone Wall x5 |
| 44:24 | dimura33 · wall_segment Stone Wall x3 |
| 44:25 | Dedpool_Aoe · first_building Stable |
| 44:38 | TheHatefulN8 · resign |
| 45:49 | dimura33 · first_building Castle |
| 48:19 | Marcos__2025 · wall_segment Stone Wall x2 |
| 49:43 | iZanor · first_building Archery Range |
| 50:22 | Marcos__2025 · tribute_sent a jugador 1 |
| 50:22 | Marcos__2025 · tribute_sent a jugador 2 |
| 50:22 | Marcos__2025 · tribute_sent a jugador 3 |
| 50:22 | Marcos__2025 · tribute_sent a jugador 4 |
| 50:22 | Marcos__2025 · tribute_sent a jugador 5 |
| 50:22 | Marcos__2025 · tribute_sent a jugador 6 |
| 50:22 | Marcos__2025 · tribute_sent a jugador 8 |
| 54:24 | L.A. · tribute_sent a jugador 1 |
| 54:24 | L.A. · tribute_sent a jugador 2 |
| 54:24 | L.A. · tribute_sent a jugador 3 |
| 54:24 | L.A. · tribute_sent a jugador 5 |
| 54:24 | L.A. · tribute_sent a jugador 6 |
| 54:24 | L.A. · tribute_sent a jugador 7 |
| 54:24 | L.A. · tribute_sent a jugador 8 |
| 55:10 | Dedpool_Aoe · tribute_sent a jugador 2 |
| 55:10 | Dedpool_Aoe · tribute_sent a jugador 3 |
| 55:10 | Dedpool_Aoe · tribute_sent a jugador 4 |
| 55:10 | Dedpool_Aoe · tribute_sent a jugador 5 |
| 55:10 | Dedpool_Aoe · tribute_sent a jugador 6 |
| 55:10 | Dedpool_Aoe · tribute_sent a jugador 7 |
| 55:10 | Dedpool_Aoe · tribute_sent a jugador 8 |
| 55:10 | Marcos__2025 · tribute_sent a jugador 1 |
| 55:10 | Marcos__2025 · tribute_sent a jugador 2 |
| 55:10 | Marcos__2025 · tribute_sent a jugador 3 |
| 55:10 | Marcos__2025 · tribute_sent a jugador 4 |
| 55:10 | Marcos__2025 · tribute_sent a jugador 5 |
| 55:10 | Marcos__2025 · tribute_sent a jugador 6 |
| 55:10 | Marcos__2025 · tribute_sent a jugador 8 |
| 57:41 | Lemerfew · first_building Archery Range |
[ AI ANALYSIS · 1 CREDIT ]
What really happened in this match?
Wolo.gg analyzes every decision: build order, eco, micro, common mistakes by bracket. Personalized analysis on WhatsApp or Discord in 30 seconds.
Civ guide
Teutons
Map guide
Black Forest
Perfil
Jugador #17222297